 Dungeon Crawl Stone Soup version 0.21.1-1-g345015f (webtiles) character file.

45 letownia2 the Magician (level 3, 0/24 HPs)
             Began as a Merfolk Wizard on Mar 11, 2018.
             Succumbed to an adder's poison
             ... on level 3 of the Dungeon.
             The game lasted 00:03:52 (598 turns).

letownia2 the Magician (Merfolk Wizard)              Turns: 598, Time: 00:03:53

Health: 0/24       AC:  2    Str:  8    XL:     3   Next: 64%
Magic:  1/7        EV: 13    Int: 17    God:
Gold:   0          SH:  0    Dex: 12    Spells: 2/8 levels left

rFire    . . .     SeeInvis .   f - +0 whip
rCold    . . .     Gourm    .   (no shield)
rNeg     . . .     Faith    .   a - +0 robe
rPois    .         Spirit   .   b - +0 hat
rElec    .         Reflect  .   (no cloak)
rCorr    .         Harm     .   (no gloves)
MR       .....                  (no boots)
Stlth    +++.......             (no amulet)
HPRegen  0.08/turn              g - ring of stealth
MPRegen  0.10/turn              (no ring)

@: lethally poisoned (0 -> -4)
A: change form in water, swift swim, stealthy swim
a: no special abilities


You were on level 3 of the Dungeon.
You were not hungry.

You visited 1 branch of the dungeon, and saw 3 of its levels.

Inventory:

Hand Weapons
 f - a +0 whip (weapon)
 k - a +0 hand axe
Armour
 a - a +0 robe (worn)
 b - a +0 hat (worn)
 h - a cursed -1 ring mail
Jewellery
 g - a ring of stealth (left hand)
Scrolls
 e - 2 scrolls of remove curse {unknown}
 i - a scroll of blinking {unknown}
 j - 3 scrolls of identify {unknown}
Books
 c - a book of Minor Magic

   Spells                             Type                      Level
   a - Magic Dart                     Conjuration                  1
   b - Blink                          Translocation                2
   c - Call Imp                       Summoning                    2
   d - Slow                           Hexes                        2
   e - Conjure Flame                  Conjuration/Fire             3
   f - Mephitic Cloud                 Conjuration/Poison/Air       3
Comestibles
 d - a ration


   Skills:
 - Level 2.6 Dodging
 - Level 2.1 Stealth
 - Level 3.0 Spellcasting
 + Level 1.7 Conjurations
 + Level 2.4 Summonings
   Level 0.7 Translocations
 + Level 0.3 Air Magic
 + Level 0.5 Poison Magic


You had 2 spell levels left.
You knew the following spells:

 Your Spells              Type           Power        Failure   Level  Hunger
a - Magic Dart            Conj           #...         9%          1    None
e - Mephitic Cloud        Conj/Pois/Air  #.......     36%         3    ###....
i - Call Imp              Summ           ##......     10%         2    ##.....


Dungeon Overview and Level Annotations

Branches:
Dungeon (3/15)

Altars:


Message History

Your crimson imp misses the adder.
Your crimson imp hits the adder.
The adder dies!
Unknown command.
You aren't carrying any potions.
* * * LOW HITPOINT WARNING * * *
You feel sick.
You see here an adder corpse.
You swap places.
* * * LOW HITPOINT WARNING * * *
You feel sick.
Unknown command.
* * * LOW HITPOINT WARNING * * *
You feel sick.
* * * LOW HITPOINT WARNING * * *
You feel sick.
* * * LOW HITPOINT WARNING * * *
You feel sick.
Your crimson imp blinks!
Found a short sword.
You die...

# .# .# # . .###.# #.
# .## ###.....# #. #
.....###.......# #.###
#...@...).#.# #....
##.###.#####.# #.##
#.......5.##.# #..#
#..###.##§##.######.#.
# ...........†.......#
########.########...
#.# ###.# #.# #...#
#.# #.###


You could see a friendly crimson imp.

Vanquished Creatures
  An adder (D:2)
  A dart slug (D:1)
  2 orcs (D:3)
  A ball python (D:3)
  A bat (D:3)
  2 goblins
  A hobgoblin (D:2)
  3 frilled lizards (D:2)
  4 kobolds
  5 rats
21 creatures vanquished.

Vanquished Creatures (collateral kills)
  2 adders
  3 orcs (D:3)
5 creatures vanquished.

Grand Total: 26 creatures vanquished

Notes
Turn   | Place    | Note
-------+----------+-------------------------------------------
     0 | D:1      | letownia2 the Merfolk Wizard began the quest for the Orb.
     0 | D:1      | Reached XP level 1. HP: 13/13 MP: 4/4
    33 | D:1      | Reached skill level 1 in Conjurations
   155 | D:1      | Reached XP level 2. HP: 10/19 MP: 3/6
   165 | D:1      | Learned a level 2 spell: Call Imp
   406 | D:2      | Reached XP level 3. HP: 18/24 MP: 2/7
   418 | D:2      | Learned a level 3 spell: Mephitic Cloud
   596 | D:3      | HP: 1/24 [poisoned by an adder]
   598 | D:3      | Succumbed to an adder's poison

Skill      XL: |  1  2 |
---------------+-------+-----
Conjurations   | 1 |  1.7
Summonings     | 2 |  2.4
Dodging        | |  2.6
Stealth        | |  2.1
Spellcasting   | |  3.0
Translocations | |  0.7
Air Magic      | |  0.3
Poison Magic   | |  0.5

Action                   || total
-------------------------++-------
Melee: Unarmed           ||    20
       Whip              ||    37
 Cast: Magic Dart        ||    34
       Call Imp          ||     6
 Stab: Distracted        ||     2
       Sleeping          ||     1
Armor: Robe              ||    10
Dodge: Dodged            ||    42
